AoeStats
← capt. Bear

African Clearing

505240484Analyzed
4v4 RM · 25d ago on Sep 8, 2026· 36m 37s· 8 players
Game mode
Random Map
Map size
Large (8 player)
Population
200
Speed
Normal
Resources
Standard
Victory
Conquest
Starting age
Dark Age
Ending age
Imperial Age
RankedLock teamsTeams togetherTeam positionsShared explorationLock speedFull tech treeHidden civsTurbo modeCheats
Victory
Defeat
🇦🇷 Japanese · Argentina
1611
+10
🇹🇼 Tupi · Taiwan
1586
+11
🇹🇼 Khmer · Taiwan
1558
+12
🇦🇷 Maya · Argentina
1519
+15
1524
-14
🇨🇳 Aztecs · China
1512
-13
🇨🇳 Huns · China
1473
-12
🇨🇳 Vietnamese · China
1393
-9
G5
6:45 Loom
14:00 Feudal Age
17:38 Castle Age
15:34 Double-Bit Axe
21:53 Fletching
23:23 Bodkin Arrow
25:18 Padded Archer Armor
25:15 Gold Mining
26:00 Ballistics
26:56 Town Watch
27:47 Wheelbarrow
27:22 Squires
28:01 Pikeman
28:44 Scale Mail Armor
32:26 Chain Mail Armor
34:20 Leather Archer Armor
39:14 Imperial Age
36:46 Stone Mining
36:59 Arson
capt. Bear
7:47 Loom
10:50 Feudal Age
11:35 Double-Bit Axe
15:47 Forging
21:24 Scale Barding Armor
25:19 Castle Age
23:42 Fletching
26:13 Bow Saw
25:51 Horse Collar
26:24 Bloodlines
26:18 Town Watch
31:00 Husbandry
32:26 Gold Mining
33:01 Chain Barding Armor
34:12 Wheelbarrow
35:49 Hand Cart
37:09 Iron Casting
苯駢芘
5:48 Loom
14:13 Feudal Age
15:52 Fletching
25:34 Castle Age
25:23 Double-Bit Axe
28:53 Bodkin Arrow
39:14 Imperial Age
Asator
3:51 Loom
14:39 Feudal Age
16:13 Double-Bit Axe
18:33 Castle Age
16:18 Horse Collar
17:02 Gold Mining
19:31 Bow Saw
20:04 Town Watch
20:13 Fletching
20:49 Bodkin Arrow
25:45 Padded Archer Armor
26:30 Elite Skirmisher
28:39 Wheelbarrow
29:52 Stone Mining
31:49 Ballistics
33:39 Thumb Ring
33:32 Pikeman
36:15 Heavy Plow
36:32 Hand Cart
摆烂pia
6:03 Loom
13:35 Feudal Age
18:11 Castle Age
16:42 Double-Bit Axe
18:43 Horse Collar
22:53 Fletching
26:45 Padded Archer Armor
30:27 Bodkin Arrow
32:26 Leather Archer Armor
33:21 Wheelbarrow
33:48 Ballistics
脱脱迷失
4:51 Loom
13:59 Feudal Age
14:22 Man-at-Arms
16:49 Fletching
21:05 Arson
27:56 Double-Bit Axe
32:37 Wheelbarrow
35:08 Castle Age
33:42 Scale Mail Armor
35:28 Forging
36:15 Chain Mail Armor
35:23 Eagle Warrior
36:08 Squires
chunfeng
12:50 Feudal Age
13:45 Double-Bit Axe
13:54 Loom
14:04 Horse Collar
17:20 Forging
17:15 Scale Barding Armor
19:26 Bloodlines
26:23 Castle Age
26:49 Gold Mining
27:31 Bow Saw
28:04 Wheelbarrow
28:13 Chain Barding Armor
31:05 Chain Barding Armor
31:22 Iron Casting
遥かに仰ぎ,麗しの
6:33 Double-Bit Axe
12:48 Feudal Age
14:28 Loom
17:09 Castle Age
15:00 Horse Collar
15:45 Bow Saw
16:38 Heavy Plow
16:49 Scale Barding Armor
23:40 Husbandry
25:01 Wheelbarrow
25:26 Chain Barding Armor
25:19 Cavalier
28:58 Gold Mining
29:57 Forging
31:13 Fletching
Connection lost

Rejoining the realm…

Still unreachable

The connection could not be restored.

Session expired

The server has moved on; the page needs a fresh start.